 Dungeon Crawl Stone Soup version 0.31-a0-161-gb58dd9be76 (webtiles) character file.

Game seed: 16380263097950384260

264 Drazool the Cudgeller (level 6, -1/62 HPs)
             Began as an Ogre Berserker on June 12, 2023.
             Was a Believer of Trog.
             Slain by an ogre
             ... wielding a +0 giant club
              (31 damage)
             ... on level 4 of the Dungeon.
             The game lasted 00:08:06 (3313 turns).

Drazool the Cudgeller (Ogre Berserker)              Turns: 3313, Time: 00:08:07

Health: -1/62      AC:  4    Str: 24    XL:     6   Next: 19%
Magic:  6/6        EV: 10    Int:  8    God:    Trog [**....]
Gold:   247        SH:  0    Dex:  8    Spells: 5/5 levels left

rFire   . . .        a - +0 mace
rCold   . . .        (no shield)
rNeg    . . .        b - +0 animal skin
rPois   .            (helmet restricted)
rElec   .            d - +0 cloak
rCorr   .            (gloves unavailable)
SInv    .            (boots unavailable)
Will    +++..        (no amulet)
Stlth   +            W - ring of willpower
HPRegen 1.30/turn    (no ring)
MPRegen 0.10/turn

%: no passive effects
@: strong-willed, regenerating
A: large, unfitting armour, tough skin 1
a: Renounce Religion, Berserk, Trog's Hand


You were on level 4 of the Dungeon.
You worshipped Trog.
Trog was pleased with you.
You visited 1 branch of the dungeon, and saw 4 of its levels.

You collected 247 gold pieces.


Innate Abilities, Weirdness & Mutations

You are too large for most types of armour.
You have tough skin. (AC +1)


   Skills:
 - Level 4.0 Fighting
 * Level 5.9 Maces & Flails
 + Level 1.4 Throwing
 - Level 2.6 Dodging


You had 5 spell levels left.
You didn't know any spells.
Your spell library was empty.

Inventory:

Hand Weapons
 a - a +0 mace (weapon)
Missiles
 o - 5 poisoned darts
 p - 3 atropa-tipped darts
 q - 26 stones (quivered)
Armour
 b - a +0 animal skin (worn)
 d - a +0 cloak (worn)
Jewellery
 W - a ring of willpower (left hand)
Scrolls
 f - a scroll of teleportation {unknown}
 g - 2 scrolls of identify {unknown}
 j - a scroll of poison {unknown}
 l - a scroll of fog {unknown}
 n - a scroll of amnesia {unknown}
 r - a scroll of silence {unknown}
Potions
 c - 5 potions of curing {unknown}
 e - 3 potions of heal wounds {unknown}
 h - 2 potions of magic {unknown}
 i - a potion of haste {unknown}
 k - a potion of berserk rage {unknown}
 m - a potion of might {unknown}
 s - a potion of cancellation {unknown}

Dungeon Overview and Level Annotations

Branches:
Dungeon (4/15)
 Temple: D:4-7

Altars:
Fedhas
Hepliaklqana
Uskayaw
The Shining One

#.#
################.##.
#.#
#.....†..........##.
#.##
#.#################.
#..## #.######## #.
#.#.## #......... .
.###.## #.#####... ##
##.# #.#
.###.#########.#####.#
..#...........>O@....#
#..###########.#######
#..####### #.#
#......... ..#
#.######## ##.# #.#
#.# #.. #.. #### ##


You could see an ogre.


Message History

The adder poisons you!
You thump the adder!
You kill the adder!
Trog accepts your kill.
You feel sick.
You start resting.
You feel sick. x4
You are no longer poisoned.
You start resting.
HP restored.
You see here an adder corpse.
Found a stone staircase leading down.
A hobgoblin and an ogre come into view.
The hobgoblin shouts!
The ogre shouts!
You sock the hobgoblin!
You kill the hobgoblin!
Trog accepts your kill.
You hit the ogre.
The ogre is moderately wounded.
The ogre hits you with a +0 giant club!!
Unknown command.
The ogre attacks as you move away! The ogre hits you with a +0 giant club!
* * * LOW HITPOINT WARNING * * *
Use which ability? (? or * to list)
Your skin crawls.
You feel strong-willed.
Use which ability? (? or * to list)
You fail to use your ability.
The ogre hits you with a +0 giant club!!
Ouch! That really hurt!
You die...

Skill      XL: |  1  2  3  4  5 |
---------------+----------------+-----
Maces & Flails | 3 4 5 |  5.9
Throwing       | 1 |  1.4
Fighting       | |  4.0
Dodging        | |  2.6

Action                     |  1- 3 |  4- 6 || total
---------------------------+-------+-------++-------
  Melee: Mace              |   125 |   114 ||   239
         Punch             |       |     2 ||     2
  Throw: Stone             |       |     7 ||     7
 Invoke: Berserk           |       |     2 ||     2
         Trog's Hand       |       |     1 ||     1
 Armour: Animal skin       |    47 |    34 ||    81
  Dodge: Dodged            |    82 |    68 ||   150

Levels and vault maps discovered:
D:1:      lemuel_arrival_broad_hall, layout_basic
D:2:      layout_loops_cross, hangedman_decor_points, serial_bayou_crossing
D:3:      layout_rooms, gammafunk_temple_overflow_claw,
          mainiacjoe_overflow_concentric_impassable
D:4:      layout_loops_ring, temple_fountains

Notes
Turn   | Place    | Note
-------+----------+-------------------------------------------
     0 | D:1      | Drazool the Ogre Berserker began the quest for the Orb.
     0 | D:1      | Reached XP level 1. HP: 24/24 MP: 1/1
    32 | D:1      | Reached skill level 3 in Maces & Flails
    40 | D:1      | Reached XP level 2. HP: 26/32 MP: 2/2
   600 | D:1      | Reached XP level 3. HP: 37/39 MP: 3/3
   667 | D:1      | Reached ** piety under Trog
   850 | D:1      | Reached skill level 4 in Maces & Flails
  1292 | D:2      | Reached XP level 4. HP: 48/48 MP: 4/4
  1692 | D:3      | Noticed a phantom
  1698 | D:3      | Killed a phantom
  1699 | D:3      | Reached skill level 5 in Maces & Flails
  1699 | D:3      | Reached XP level 5. HP: 54/54 MP: 5/5
  1757 | D:3      | Found a hazy altar of Hepliaklqana.
  1807 | D:3      | Found a hide-covered altar of Uskayaw.
  1807 | D:3      | Found a glowing golden altar of the Shining One.
  1807 | D:3      | Found a blossoming altar of Fedhas.
  3046 | D:4      | Reached skill level 1 in Throwing
  3046 | D:4      | Reached XP level 6. HP: 57/62 MP: 6/6
  3313 | D:4      | Slain by an ogre

Vanquished Creatures
  A phantom (D:3)
  A gnoll bouda (D:4)
  4 gnolls (D:4)
  4 adders
  An ufetubus (D:2)
  3 dart slugs (D:1)
  2 orcs (D:3)
  9 ball pythons
  4 bats
  4 endoplasms
  2 giant cockroaches (D:1)
  5 goblins
  6 hobgoblins
  8 jackals
  5 quokkas
  3 frilled lizards
  7 kobolds
  3 rats
72 creatures vanquished.

Table legend: (Time is in decaauts)
 A = Elapsed time spent in this place.
 B = Non-inter-level travel time spent in this place.
 C = Inter-level travel time spent in this place.
 D = Time resting spent in this place.
 E = Time spent auto-exploring this place.
 F = Levels seen in this place.
 G = Mean time per level.
                   A        B        C        D        E       F      G
               +--------+--------+--------+--------+--------+-----+--------+
         Total |   3373 |   3068 |    305 |    282 |   2129 |   4 |  843.2 |
       Dungeon |   3373 |   3068 |    305 |    282 |   2129 |   4 |  843.2 |
               +--------+--------+--------+--------+--------+-----+--------+

Top non-repeatable levels by time:
     D:1: 1048 daAuts
     D:3: 836 daAuts
     D:4: 744 daAuts
     D:2: 744 daAuts

Table legend:
 A = Non-vault XP
 B = Vault XP
 C = Vault XP percentage of total XP
 D = Non-vault monster count
 E = Vault monster count
 F = Vault count percentage of total count
                 A         B        C        D         E       F
            +---------+---------+-------+---------+---------+-------
      Total |     378 |       0 |   0.0 |      72 |       0 |   0.0
            +---------+---------+-------+---------+---------+-------
        D:1 |      57 |       0 |   0.0 |      29 |       0 |   0.0
        D:2 |      47 |       0 |   0.0 |      17 |       0 |   0.0
        D:3 |     125 |       0 |   0.0 |      12 |       0 |   0.0
        D:4 |     149 |       0 |   0.0 |      14 |       0 |   0.0
            +---------+---------+-------+---------+---------+-------
